 Dungeon Crawl Stone Soup version 0.28-a0-1510-gd0f6b136d3 (webtiles) character file.

Game seed: 4463639182953250251

961 croobank the Sneak (level 8, -3/52 HPs)
             Began as an Octopode Summoner on Jan 15, 2022.
             Was an Initiate of Yredelemnul.
             Engulfed by a steam dragon's steam (8 damage)
             ... on level 6 of the Dungeon.
             The game lasted 00:31:33 (6306 turns).

croobank the Sneak (Octopode Summoner)              Turns: 6306, Time: 00:31:34

Health: -3/52      AC:  5    Str:  9    XL:     8   Next: 15%
Magic:  9/14       EV: 14    Int: 18    God:    Yredelemnul [......]
Gold:   192        SH:  0    Dex: 12    Spells: 6/15 levels left

rFire   . . .      SeeInvis +   t - +5 trident
rCold   . . .      Faith    .   (no shield)
rNeg    + . .      Spirit   .   (helmet restricted)
rPois   .          Reflect  .   (no amulet)
rElec   .          Harm     .   h - ring of positive energy
rCorr   .          Rampage  .   r - ring of see invisible
Will    .....                   m - +4 ring of protection
Stlth   ++++......              (no ring)
HPRegen 0.17/turn               (no ring)
MPRegen 0.14/turn               (no ring)
                                (no ring)
                                (no ring)

@: about to teleport
A: almost no armour, amphibious, 8 rings, camouflage 1, gelatinous body 1,
(nimble swimmer 1), tentacles
a: Renounce Religion, Recall Undead Harvest


You were on level 6 of the Dungeon.
You worshipped Yredelemnul.
Yredelemnul was noncommittal.
You visited 2 branches of the dungeon, and saw 7 of its levels.

You collected 272 gold pieces.
You spent 80 gold pieces at shops.

Inventory:

Hand Weapons
 a - a +4 dagger of draining
 k - a +0 flail
 p - a +0 short sword of venom
 t - a +5 trident (weapon)
 v - a +0 falchion of holy wrath
 A - a +0 war axe
Missiles
 c - 75 arrows
 e - 109 stones
 g - 50 sling bullets
 o - 3 poisoned darts
 x - 20 bolts
Jewellery
 h - a ring of positive energy (left tentacle)
 m - a +4 ring of protection (on tentacle)
 r - a ring of see invisible (right tentacle)
Scrolls
 n - a scroll of magic mapping
 u - a scroll of vulnerability {unknown}
 z - a scroll of silence {unknown}
Potions
 b - 3 potions of haste
 d - a potion of might
 f - a potion of ambrosia {unknown}
 i - a potion of flight {unknown}
 j - a potion of brilliance {unknown}
 l - a potion of attraction {unknown}
 s - 2 potions of cancellation


   Skills:
 + Level 3.3 Fighting
 + Level 3.2 Short Blades
 + Level 4.1 Dodging
 + Level 5.9 Stealth
 + Level 4.0 Spellcasting
 + Level 5.5 Summonings


You had 6 spell levels left.
You knew the following spells:

 Your Spells              Type           Power      Damage    Failure   Level
a - Summon Small Mammal   Summ           92%        N/A       1%          1
b - Call Imp              Summ           23%        N/A       2%          2
c - Call Canine Familiar  Summ           23%        N/A       4%          3
d - Summon Guardian Gole  Hex/Summ       13%        N/A       14%         3

Your spell library contained the following spells:

 Spells                   Type           Power      Damage    Failure   Level
 Ignite Poison            Fire/Tmut/Pois 3%         N/A       41%         3
 Mephitic Cloud           Conj/Pois/Air  3%         N/A       41%         3
 Portal Projectile        Hex/Tloc       6%         N/A       41%         3
 Summon Lightning Spire   Summ/Air       13%        N/A       43%         4
 Leda's Liquefaction      Hex/Erth       1%         N/A       82%         4
 Freezing Cloud           Conj/Ice/Air   1%         6-21      99%         5


Dungeon Overview and Level Annotations

Branches:
Dungeon (6/15)             Temple (1/1) D:6

Altars:
Ashenzari
Cheibriados
Dithmenos
Fedhas
Gozag
Makhleb
Nemelex Xobeh
Okawaru
Qazlal
Sif Muna
Trog
Uskayaw
Wu Jian
Xom
Yredelemnul
The Shining One

Shops:
D:6 *


Innate Abilities, Weirdness & Mutations

You cannot wear most types of armour.
You are amphibious.
You can wear up to eight rings at the same time.
Your skin changes colour to match your surroundings (Stealth+).
Your rubbery body absorbs attacks. (AC +1, EV +1)
((You are camouflaged when in or above water. (Stealth+)))
You have tentacles for arms and can constrict up to eight enemies at once.


Message History

Your necrophage zombie barely misses the steam dragon.
Casting: Summon Small Mammal (safe; 1% risk of failure)
Confirm with . or Enter, or press ? or * to list all spells.
The steam dragon bites you.
* * * LOW HITPOINT WARNING * * *
The steam dragon completely misses you.
You hit the steam dragon.
The steam dragon is lightly wounded.
The scorpion closely misses you. The steam dragon barely misses you. x2
Your necrophage zombie barely misses the steam dragon.
Your hound barely misses the steam dragon.
The scorpion barely misses you.
Your necrophage zombie closely misses the steam dragon.
The steam dragon bites you!
* * * LOW HITPOINT WARNING * * *
The steam dragon barely misses you.
You swap places.
Your hound bites the steam dragon.
The scorpion stings you but does no damage.
Your hound barely misses the steam dragon.
The steam dragon misses you.
The steam dragon claws you but does no damage.
Your hound bites the steam dragon but does no damage.
The scorpion stings you.
* * * LOW HITPOINT WARNING * * *
Your necrophage zombie hits the steam dragon but does no damage.
You feel better.
Your hound bites the steam dragon.
The scorpion stings you.
* * * LOW HITPOINT WARNING * * *
Your hound barely misses the steam dragon.
You begin recalling your allies.
You finish recalling your allies.
The scorpion stings you but does no damage.
Your hound barely misses the steam dragon.
The steam dragon breathes steam at you. The ball of steam misses you.
Your necrophage zombie hits the steam dragon but does no damage.
The scorpion closely misses you.
As you read the scroll of teleportation, it crumbles to dust.
You feel strangely unstable.
You are engulfed in a cloud of scalding steam.
You die...
Your body rises from the dead as a mindless zombie.

........#....# #........#.
........#....#.$.≈§...#........#.
........#...Z#..≈≈≈≈..#........#.
........#....#..≈≈§≈..#........'.
#..#'######..#...≈≈.).#..##.##.##
##........#..#........#####.#####
#........#..# .......#..........
#........#..####sZ####..........
#........#...§§@Dh#.............
#........###########.......#####
#..................#....<..##...
#########..........#.......##...
#..........#............
#...[......#............
#..........#.......##...
#..........####'########
#.....#####.........#...


You could see a steam dragon (ally target), a scorpion, a friendly hound
(summoned) and a friendly necrophage zombie.

Vanquished Creatures
  A necrophage (D:6)
  An ice beast (D:5)
  An orc priest (D:5)
  3 hounds
  2 iguanas
  5 adders
  2 gnolls
  2 dart slugs
  9 orcs
  7 ball pythons
  4 bats
  3 endoplasms
  4 giant cockroaches
  5 goblins
  3 hobgoblins
  3 jackals (D:2)
  5 quokkas
  3 frilled lizards
  4 kobolds
  2 rats
69 creatures vanquished.

Vanquished Creatures (collateral kills)
  A water moccasin (D:6)
  2 scorpions
  A jelly (D:5)
  A centaur skeleton (D:5)
  2 iguanas
  An orc wizard (D:4)
  A killer bee zombie (D:5)
  2 gnolls (D:2)
  An adder (D:2)
  A white imp (D:6)
  An adder skeleton (D:4)
  6 worms
  5 orcs
  A bat (D:1)
  An endoplasm (D:1)
  2 giant cockroaches
  3 hobgoblins
  A quokka (D:2)
  3 ball pythons
  6 kobolds
  3 rats
45 creatures vanquished.

Vanquished Creatures (others)
  3 orc zombies (D:6)
3 creatures vanquished.

Grand Total: 117 creatures vanquished

Notes
Turn   | Place    | Note
-------+----------+-------------------------------------------
     0 | D:1      | croobank the Octopode Summoner began the quest for the Orb.
     0 | D:1      | Reached XP level 1. HP: 11/11 MP: 3/3
   257 | D:1      | Reached XP level 2. HP: 7/17 MP: 1/5
   570 | D:1      | Learned a level 2 spell: Call Imp
   909 | D:1      | Reached XP level 3. HP: 21/21 MP: 2/6
  1193 | D:2      | Reached XP level 4. HP: 27/27 MP: 3/7
  1230 | D:2      | Reached skill level 1 in Short Blades
  1260 | D:2      | Reached skill level 1 in Fighting
  1478 | D:2      | Reached XP level 5. HP: 31/33 MP: 2/9
  1618 | D:2      | Learned a level 3 spell: Call Canine Familiar
  1851 | D:2      | Learned a level 3 spell: Summon Guardian Golem
  2630 | D:3      | Found a faded altar of an unknown god.
  3089 | D:4      | Reached XP level 6. HP: 39/39 MP: 10/10
  4047 | D:5      | Entered Level 5 of the Dungeon
  4319 | D:5      | Noticed an ice beast
  4341 | D:5      | Killed an ice beast
  4342 | D:5      | Reached skill level 5 in Summonings
  4342 | D:5      | Reached XP level 7. HP: 40/45 MP: 1/12
  4344 | D:5      | Reached skill level 5 in Stealth
  5407 | D:6      | Found Dodat's Assorted Antiques.
  5415 | D:6      | Bought a scroll of identify for 40 gold pieces
  5415 | D:6      | Bought a scroll of identify for 40 gold pieces
  5446 | D:6      | Found a staircase to the Ecumenical Temple.
  5474 | Temple   | Entered the Ecumenical Temple
  5822 | Temple   | Became a worshipper of Yredelemnul the Dark
  6208 | D:6      | Reached XP level 8. HP: 52/52 MP: 7/13
  6306 | D:6      | Engulfed by a steam dragon's steam

Illustrated notes

Levels and vault maps discovered:
D:1:      tarquinn_simple_flora_water_a, layout_basic
D:2:      layout_rooms, minmay_randomly_rotated_circles
D:3:      layout_rooms, shapermc_ecumenical_altar_ellora,
          chequers_serial_rivers_micro_c, minmay_vboxes
D:4:      layout_loops_ring, serial_glass, glass_columns_a, glass_columns_c,
          minmay_strange_pillars, due_unseen_surprise, feat_on_display,
          nicolae_wormholes
D:5:      layout_basic
D:6:      layout_gridville, minmay_temple_entry_slanted, serial_shops,
          nicolae_diamond_shop, kennysheep_generic_room_6
Temple:   minmay_temple_bridge_d

Skill      XL: |  1  2  3  4  5  6  7  8 |
---------------+-------------------------+-----
Stealth        | 3 4 5 |  5.9
Short Blades   | 1 2 3 |  3.2
Fighting       | 1 2 3 |  3.3
Dodging        | 3 4 |  4.1
Spellcasting   | 3 4 |  4.0
Summonings     | 5 |  5.5

Action                   |  1- 3 |  4- 6 |  7- 9 || total
-------------------------+-------+-------+-------++-------
Melee: Unarmed           |    11 |       |       ||    11
       Constrict         |     9 |    21 |     7 ||    37
       Tentacles         |     5 |     6 |     5 ||    16
       Dagger            |    21 |    71 |       ||    92
       Punch             |       |     2 |       ||     2
       Trident           |       |    24 |    28 ||    52
 Cast: Summon Small Mamm |    22 |    40 |    11 ||    73
       Call Imp          |     9 |    17 |     5 ||    31
       Call Canine Famil |       |    13 |    10 ||    23
Invok: Recall Undead Har |       |       |     1 ||     1
  Use: Scroll            |     4 |     5 |     5 ||    14
       Potion            |       |       |     3 ||     3
 Stab: Sleeping          |     3 |     4 |     1 ||     8
       Distracted        |       |     1 |     1 ||     2
Armor: Skin              |     8 |     7 |    11 ||    26
Dodge: Dodged            |    35 |    70 |    36 ||   141

Table legend: (Time is in decaauts)
 A = Elapsed time spent in this place.
 B = Non-inter-level travel time spent in this place.
 C = Inter-level travel time spent in this place.
 D = Time resting spent in this place.
 E = Time spent auto-exploring this place.
 F = Levels seen in this place.
 G = Mean time per level.
                   A        B        C        D        E       F      G
               +--------+--------+--------+--------+--------+-----+--------+
         Total |   6299 |   5986 |    313 |    789 |   3725 |   7 |  899.9 |
       Dungeon |   5877 |   5714 |    163 |    789 |   3464 |   6 |  979.5 |
        Temple |    421 |    271 |    150 |      0 |    261 |   1 |  421.0 |
               +--------+--------+--------+--------+--------+-----+--------+

Top non-repeatable levels by time:
     D:5: 1343 daAuts
     D:4: 1306 daAuts
     D:1: 1175 daAuts
     D:2: 882 daAuts
     D:3: 680 daAuts
     D:6: 489 daAuts
  Temple: 421 daAuts
